General information
- name: BNet
- type: Ladder team game (AT/RT)
- host: Battle.net
- saver: KuKuKu
map: MarketSquare
- players: 8
- length: 09:49
- speed: Fast
- version: 1.26 W3XP
- replay type: Public
» download(57 KB)
Players
team 1 (loser)
BiGMoM23 (
blue | 37 APM | 364 actions | 09:48)
1 Demon Hunter
1 Immolation
1 Mountain King
1 Storm Bolt
» actions
| Basic commands | 10 | |
| Build / train | 45 | |
| Enter build submenu | 22 | |
| Enter hero's abilities submenu | 2 | |
| Right click | 140 | |
| Select / deselect | 123 | |
| Use ability | 22 | |
364 total
» units
| Wisp | 14 | |
| Peasant | 8 | |
| Huntress | 8 | |
| Footman | 7 | |
37 total
» upgrades
| Strength of the Moon | 1 | |
| Strength of the Wild | 1 | |
2 total
» buildings
| Altar of Elders | 1 | |
| Hunter's Hall | 1 | |
| Moon Well | 5 | |
| Farm | 5 | |
| Altar of Kings | 1 | |
| Ancient of War | 2 | |
| Barracks | 1 | |
| Keep | 1 | |
| Tree of Ages | 1 | |
| Ancient of Wind | 3 | |
21 total
» build order
00:11 Altar of Elders
00:16 Hunter's Hall
01:18 Moon Well
02:10 Moon Well
02:24 Farm
02:28 Altar of Kings
02:49 Ancient of War
02:54 Ancient of War
03:13 Barracks
03:19 Moon Well
03:36 Farm
04:17 Moon Well
04:27 Farm
05:13 Farm
06:10 Farm
06:31 Keep
06:50 Tree of Ages
09:13 Ancient of Wind
09:17 Ancient of Wind
09:23 Ancient of Wind
09:37 Moon Well

»
harrysoncano (
red | 18 APM | 24 actions | 01:20)
» actions
| Build / train | 7 | |
| ESC pressed | 4 | |
| Right click | 4 | |
| Select / deselect | 5 | |
| Use ability | 4 | |
24 total
» units

»
Catorce (
pink | 49 APM | 463 actions | 09:31)
2 Blademaster
1 Wind Walk
1 Critical Strike
1 Shadow Hunter
1 Healing Wave
» actions
| Assign group hotkey | 4 | |
| Basic commands | 43 | |
| Build / train | 31 | |
| Enter build submenu | 9 | |
| Enter hero's abilities submenu | 3 | |
| Remove unit from queue | 1 | |
| Right click | 181 | |
| Select / deselect | 161 | |
| Select group hotkey | 6 | |
| Use ability | 24 | |
463 total
» units
| Peon | 6 | |
| Troll Headhunter/Berserker | 11 | |
| Shaman | 3 | |
20 total
» upgrades
| Armor | 1 | |
| Ranged Weapons | 1 | |
| Troll Regeneration | 1 | |
| Shaman Training | 1 | |
4 total
» buildings
| Altar of Storms | 1 | |
| Orc Burrow | 5 | |
| Barracks | 1 | |
| War Mill | 1 | |
| Stronghold | 1 | |
| Spirit Lodge | 1 | |
10 total
» build order
00:08 Altar of Storms
00:11 Orc Burrow
00:47 Barracks
01:32 War Mill
02:05 Orc Burrow
03:18 Stronghold
04:40 Orc Burrow
04:45 Orc Burrow
04:47 Orc Burrow
05:58 Spirit Lodge

»
markos (
purple | 25 APM | 241 actions | 09:32)
1 Dreadlord
1 Sleep
» actions
| Build / train | 31 | |
| Enter build submenu | 10 | |
| Enter hero's abilities submenu | 1 | |
| Right click | 72 | |
| Select / deselect | 99 | |
| Use ability | 28 | |
241 total
» units
| Acolyte | 5 | |
| Ghoul | 12 | |
| Crypt Fiend | 2 | |
19 total
» upgrades
| Unholy Strength | 2 | |
| Unholy Armor | 2 | |
| Cannibalize | 1 | |
| Web | 1 | |
6 total
» buildings
| Crypt | 2 | |
| Altar of Darkness | 1 | |
| Ziggurat | 5 | |
| Graveyard | 1 | |
| Halls of the Dead | 1 | |
| Nerubian Tower | 2 | |
| Spirit Tower | 1 | |
13 total
» build order
00:13 Crypt
00:17 Altar of Darkness
00:20 Ziggurat
01:13 Graveyard
02:06 Ziggurat
03:12 Ziggurat
03:57 Halls of the Dead
05:01 Ziggurat
05:07 Nerubian Tower
05:09 Spirit Tower
05:13 Nerubian Tower
06:09 Ziggurat
06:13 Crypt
team 2 (winner)
KuKuKu (
yellow | 115 APM | 1126 actions | 09:49)
4 Blood Mage
2 Flame Strike
2 Siphon Mana
» actions
| Assign group hotkey | 44 | |
| Basic commands | 26 | |
| Build / train | 76 | |
| ESC pressed | 6 | |
| Enter build submenu | 20 | |
| Enter hero's abilities submenu | 4 | |
| Give item / drop item | 1 | |
| Right click | 369 | |
| Select / deselect | 166 | |
| Select group hotkey | 339 | |
| Use ability | 75 | |
1126 total
» units
» upgrades
» buildings
| Altar of Kings | 1 | |
| Barracks | 1 | |
| Farm | 3 | |
| Arcane Vault | 1 | |
| Town Hall | 1 | |
| Lumber Mill | 1 | |
| Scout Tower | 10 | |
| Arcane Tower | 4 | |
| Guard Tower | 10 | |
| Keep | 3 | |
35 total
» build order
00:13 Altar of Kings
00:16 Barracks
00:18 Farm
00:49 Farm
01:39 Farm
02:28 Arcane Vault
03:45 Town Hall
04:26 Lumber Mill
04:39 Scout Tower
05:15 Scout Tower
05:16 Scout Tower
05:17 Scout Tower
05:36 Arcane Tower
05:36 Arcane Tower
06:08 Guard Tower
06:09 Guard Tower
06:25 Scout Tower
06:32 Guard Tower
06:33 Guard Tower
06:55 Guard Tower
06:58 Scout Tower
07:09 Scout Tower
07:11 Scout Tower
07:58 Guard Tower
07:58 Guard Tower
08:41 Arcane Tower
08:41 Guard Tower
08:54 Keep
08:54 Keep
09:21 Scout Tower
09:22 Scout Tower
» items
| Scroll of Regeneration | 4 | |
| Mechanical Critter | 3 | |
| Staff of Teleportation | 1 | |
| Boots of Speed | 1 | |
| Potion of Invisibility | 2 | |
| Scroll of Town Portal | 1 | |
| Lesser Clarity Potion | 1 | |
13 total

»
Wake-N-Bake (
teal | 24 APM | 233 actions | 09:49)
3 Blademaster
2 Critical Strike
1 Wind Walk
3 Shadow Hunter
1 Hex
2 Healing Wave
» actions
| Assign group hotkey | 6 | |
| Basic commands | 27 | |
| Build / train | 30 | |
| Enter build submenu | 9 | |
| Enter hero's abilities submenu | 6 | |
| Right click | 69 | |
| Select / deselect | 58 | |
| Select group hotkey | 11 | |
| Use ability | 17 | |
233 total
» units
» upgrades
» buildings
| War Mill | 1 | |
| Stronghold | 1 | |
| Orc Burrow | 4 | |
| Altar of Storms | 1 | |
| Voodoo Lounge | 1 | |
| Beastiary | 2 | |
| Fortress | 1 | |
11 total
» build order
00:24 War Mill
01:22 Stronghold
01:41 Orc Burrow
02:00 Altar of Storms
02:19 Voodoo Lounge
02:29 Orc Burrow
03:51 Beastiary
04:21 Orc Burrow
04:57 Beastiary
05:06 Orc Burrow
07:15 Fortress
» items

»
4WD (
green | 39 APM | 379 actions | 09:49)
3 Shadow Hunter
2 Healing Wave
1 Hex
» actions
| Assign group hotkey | 10 | |
| Basic commands | 13 | |
| Build / train | 37 | |
| Enter build submenu | 14 | |
| Enter hero's abilities submenu | 3 | |
| Right click | 93 | |
| Select / deselect | 62 | |
| Select group hotkey | 119 | |
| Use ability | 28 | |
379 total
» units
» upgrades
| Berserker Strength | 1 | |
| Pillage | 1 | |
| Armor | 1 | |
| Melee Weapons | 1 | |
4 total
» buildings
| Orc Burrow | 5 | |
| War Mill | 1 | |
| Altar of Storms | 1 | |
| Barracks | 1 | |
| Voodoo Lounge | 1 | |
| Stronghold | 1 | |
| Great Hall | 1 | |
| Watch Tower | 2 | |
| Fortress | 1 | |
| Spirit Lodge | 2 | |
16 total
» build order
00:23 Orc Burrow
01:11 War Mill
01:14 Altar of Storms
01:24 Barracks
01:47 Orc Burrow
02:20 Orc Burrow
02:44 Voodoo Lounge
04:10 Orc Burrow
05:02 Stronghold
05:46 Great Hall
05:50 Watch Tower
05:53 Watch Tower
08:14 Fortress
09:38 Spirit Lodge
09:42 Spirit Lodge
09:49 Orc Burrow
» items
| Healing Salve | 1 | |
| Lesser Clarity Potion | 1 | |
2 total

»
pewpewdead (
orange | 38 APM | 377 actions | 09:49)
3 Priestess of the Moon
1 Scout
2 Trueshot Aura
» actions
| Assign group hotkey | 11 | |
| Basic commands | 34 | |
| Build / train | 29 | |
| Enter build submenu | 10 | |
| Enter hero's abilities submenu | 3 | |
| Right click | 89 | |
| Select / deselect | 145 | |
| Select group hotkey | 38 | |
| Use ability | 18 | |
377 total
» units
» buildings
| Altar of Elders | 1 | |
| Ancient of War | 1 | |
| Moon Well | 5 | |
| Hunter's Hall | 1 | |
| Tree of Ages | 1 | |
| Ancient of Wind | 1 | |
| Tree of Eternity | 1 | |
11 total
» build order
00:17 Altar of Elders
00:27 Ancient of War
00:40 Moon Well
01:30 Moon Well
01:34 Moon Well
02:10 Moon Well
03:15 Moon Well
04:41 Hunter's Hall
04:45 Tree of Ages
08:32 Ancient of Wind
09:11 Tree of Eternity
Chat log
(01:13 / All) KuKuKu: I haven't played in a month, do people still play this game?
(01:21 / All) pewpewdead: always
(01:33 / All) KuKuKu: I hope WC3 never dies
(01:36 / All) KuKuKu: Greatest RTS of all time
(01:39 / All) BiGMoM23: fucking noob red
(02:02 / All) BiGMoM23: ku i played with u billions of timeas
(02:08 / All) KuKuKu: Oh?
(02:15 / All) BiGMoM23: ur goood
(02:23 / All) KuKuKu: You seen this name before?
(02:31 / All) KuKuKu: and ty sir
(02:38 / All) BiGMoM23: np
(08:06 / Allies) pewpewdead: hit
(08:09 / All) BiGMoM23: fuck
(09:24 / All) BiGMoM23: gg
(09:27 / All) KuKuKu: gg
(09:30 / All) Wake-N-Bake: gg